 Dungeon Crawl Stone Soup version 0.24.0-2-g5b39cebb1c (webtiles) character file.

Game seed: 8520242525840656150, levelgen mode: deterministic

47113 Mrkan the Brawler (level 14, -1/131 HPs)
             Began as a Troll Monk on Oct 30, 2019.
             Was the Champion of Ru.
             Slain by a harpy (9 damage)
             ... summoned by Kirke
             ... on level 5 of the Lair of Beasts.
             The game lasted 00:38:25 (13730 turns).

Mrkan the Brawler (Troll Monk)                     Turns: 13730, Time: 00:38:25

Health: -1/131     AC:  0    Str: 22    XL:     14   Next: 7%
Magic:  6/13       EV: 13    Int: 10    God:    Ru [******]
Gold:   964        SH:  0    Dex: 12    Spells: 7/13 levels left

rFire    . . .     SeeInvis .     - Unarmed
rCold    . . .     Gourm    +   (shield currently unavailable)
rNeg     . . .     Faith    .   (armour currently unavailable)
rPois    .         Spirit   .   (helmet currently unavailable)
rElec    .         Reflect  .   (cloak currently unavailable)
rCorr    .         Harm     .   (gloves unavailable)
MR       +....                  (boots unavailable)
Stlth    +.........             (no amulet)
HPRegen  0.71/turn              (ring currently unavailable)
MPRegen  0.13/turn              (ring currently unavailable)

@: exhausted, pig-form, slowed, drained
A: small, unfitting armour, fast metabolism 3, frail 1, gourmand, regeneration
1, inability to use devices, inability to train dodging, no conjurations magic,
no fire magic, no hexes magic
a: Draw Out Power, Power Leap, Apocalypse, Renounce Religion


You were on level 5 of the Lair of Beasts.
You worshipped Ru.
Ru was exalted by your worship.
You were full.
You were a filthy swine.
You visited 2 branches of the dungeon, and saw 15 of its levels.
You also visited: Volcano.

You collected 1060 gold pieces.
You spent 96 gold pieces at shops.

Inventory:

Armour
 o - a +1 large shield (melded)
 t - +0 fire dragon scales (melded)
 I - a +2 hat (melded)
 N - a +3 troll leather armour {Snorg}
Jewellery
 k - an uncursed amulet of magic regeneration
 u - a cursed amulet of inaccuracy {unknown}
 w - a ring of protection from fire (melded)
 D - a +5 ring of strength
 G - a ring of protection from cold (melded)
Scrolls
 d - 13 scrolls of teleportation
 e - 3 scrolls of fog
 h - 4 scrolls of remove curse
 i - a scroll of enchant armour
 j - 9 scrolls of identify
 l - 3 scrolls of magic mapping
 p - 2 scrolls of enchant weapon
 A - 3 scrolls of blinking
 M - a scroll of fear
Potions
 c - 4 potions of mutation
 f - 2 potions of heal wounds
 g - 9 potions of curing
 m - 4 potions of brilliance
 n - 4 potions of flight
 q - 2 potions of agility {unknown}
 r - 3 potions of cancellation {unknown}
 s - 3 potions of berserk rage
 v - 5 potions of might {unknown}
 x - 2 potions of magic {unknown}
 z - 3 potions of degeneration {unknown}
 B - a potion of invisibility {unknown}
 C - a potion of lignification {unknown}
 E - 5 potions of resistance {unknown}
 F - a potion of ambrosia {unknown}
 K - a potion of haste {unknown}
Comestibles
 b - 28 rations


   Skills:
 + Level 11.4(10.0) Fighting
 - Level 1.0(0.0) Stealth
 + Level 8.2(6.9) Shields
 * Level 17.6(16.0) Unarmed Combat


You had 7 spell levels left.
You knew the following spells:

 Your Spells              Type           Power        Failure   Level  Hunger
a - Statue Form           Tmut/Erth      #........    100%        6    #######

Your spell library contained the following spells:

 Spells                   Type           Power        Failure   Level  Hunger
 Shatter                  Erth           #.........   100%        9    #######
 Leda's Liquefaction      Hex/Erth       Unusable     N/A         4    N/A
 Bolt of Magma            Conj/Fire/Erth Unusable     N/A         5    N/A
 Iron Shot                Conj/Erth      Unusable     N/A         6    N/A

Dungeon Overview and Level Annotations

Branches:
Dungeon (10/15)            Temple (0/1) D:4            Lair (5/6) D:10
  Swamp (0/4) Lair:4        Snake (0/4) Lair:2      Volcano (visited)
  Slime: Lair:5-6       Orc: D:9-12

Altars:
Elyvilon
Fedhas
Gozag
Hepliaklqana
Kikubaaqudgha
Nemelex Xobeh
Ru
Sif Muna
Trog
Uskayaw
Vehumet
Yredelemnul

Shops:
D:6 %:(   D:9 !

Annotations:
D:5 2 transporters
D:9 2 transporters, Froggeryz's ghost, novice DEAs
Lair:5 Kirke


Innate Abilities, Weirdness & Mutations

You are too large for most types of armour.
((You have claws for hands.))
Your metabolism is lightning-fast.
You are frail. (-10% HP)
You like to eat raw meat.
Your natural rate of healing is unusually fast.
((You are covered in fur. (AC +1)))
((You have extremely tough skin. (AC +3)))
You cannot study or use magical devices.
You cannot train Dodging skill.
You cannot study or cast Conjurations magic.
You cannot study or cast Fire magic.
You cannot study or cast Hexes magic.


Message History

You hit something. The harpy barely misses you. The harpy claws you!
The hog barely misses you. The harpy claws you!!
* * * LOW HITPOINT WARNING * * *
The harpy claws you!
* * * LOW HITPOINT WARNING * * *
The hog bites you!
* * * LOW HITPOINT WARNING * * *
A hog comes into view.
The hog bites you.
* * * LOW HITPOINT WARNING * * *
The hog misses you.
The hog squeals angrily.
You don't have enough magic at the moment.
You're too exhausted to draw out your power.
You feel much better. The harpy claws you!!
* * * LOW HITPOINT WARNING * * *
The harpy claws you!
* * * LOW HITPOINT WARNING * * *
The hog barely misses you. The harpy misses you. The harpy claws you!
You die...

..... ..... .<.. ..... .
... ....... ..P#. .
##..####.††h... .....
..##... ....†#.P.. ....#
.......##..#.h... ...P#
.#.#....#..#..#
....###........Hh{H.# .###
..#.P##........#hh.###.#.#
.....P#.........H.## ...##
.....P...........#.##..#.#.
.....<..............#...#..
.............#......(#.....
......#......#.............
.<..#####....#..#..........
#.#.[# #.######...........


You could see 3 harpies and 3 hogs.

Vanquished Creatures
  Gastronok (Lair:1)
  Snorg (Lair:3)
  A fire dragon (Volcano)
  A catoblepas (Lair:4)
  7 hydras
  Harold (D:7)
  2 two-headed ogres
  5 death yaks
  Sonja (Lair:5)
  2 lindwurms (Lair:4)
  Pikel (D:7)
  A deep elf mage (D:7)
  2 oklob plants (Lair:3)
  7 elephants (Lair:4)
  3 salamanders (Volcano)
  6 black mambas
  Joseph (D:8)
  A gargoyle (D:9)
  4 komodo dragons
  5 spiny frogs
  A rime drake (Lair:4)
  A queen bee (Lair:4)
  A polar bear (Lair:3)
  3 meliai (Lair:4)
  9 blink frogs
  Prince Ribbit (D:7)
  8 hippogriffs
  A spriggan (D:8)
  Sigmund (D:6)
  4 hogs (Lair:5)
  5 fire bats (Volcano)
  9 wyverns
  3 basilisks
  26 yaks
  4 steam dragons
  A swamp worm (Lair:4)
  19 water moccasins
  8 porcupines
  3 ice beasts
  2 orc warriors
  A black bear (D:6)
  A sky beast (D:5)
  A slave (D:7)
  7 ogres
  A phantom (D:9)
  A necrophage (D:10)
  3 wolves (Lair:4)
  16 crocodiles
  3 centaurs
  A big kobold (D:6)
  Blork the orc (D:5)
  12 bullfrogs
  A gnoll sergeant (D:10)
  3 scorpions
  28 killer bees
  4 wights (D:7)
  6 crimson imps
  A quasit (D:7)
  A bullfrog zombie (D:5)
  A centaur zombie (D:8)
  2 jellies
  2 centaur skeletons
  An orc priest (D:9)
  2 hounds
  2 bullfrog skeletons
  Terence (D:2)
  An iguana (Lair:4)
  3 orc wizards (D:4)
  4 hell rats (Lair:3)
  10 worker ants
  2 worker ant zombies
  Robin (D:2)
  9 gnolls
  2 howler monkey skeletons (D:7)
  15 adders
  An adder skeleton (D:5)
  An adder zombie (D:8)
  2 worms (D:2)
  3 dart slugs
  2 leopard geckos
  11 orcs
  3 giant cockroaches
  7 hobgoblins
  9 jackals
  13 kobolds
  6 quokkas
  2 ball pythons (Lair:2)
  8 bats
  7 frilled lizards
  19 goblins
  2 quokka skeletons
  2 quokka zombies
  6 rats
  A fungus (Lair:3)
  17 plants
435 creatures vanquished.

Vanquished Creatures (others)
  A two-headed ogre (D:8)
  A komodo dragon (Lair:4)
  A hippogriff (Lair:3)
  A wyvern (Lair:1)
  2 bullfrogs
  A killer bee (Lair:4)
  10 fungi
  36 plants
53 creatures vanquished.

Grand Total: 488 creatures vanquished

Notes
Turn   | Place    | Note
-------+----------+-------------------------------------------
     0 | D:1      | Mrkan the Troll Monk began the quest for the Orb.
     0 | D:1      | Reached XP level 1. HP: 22/22 MP: 0/0
   265 | D:1      | Reached XP level 2. HP: 29/29 MP: 1/1
   662 | D:2      | Noticed Terence
   667 | D:2      | Killed Terence
   667 | D:2      | Reached skill level 4 in Unarmed Combat
   667 | D:2      | Reached XP level 3. HP: 36/36 MP: 2/2
   808 | D:2      | Noticed Robin
   842 | D:2      | Killed Robin
   842 | D:2      | Reached XP level 4. HP: 31/45 MP: 3/3
  1459 | D:3      | Reached skill level 5 in Unarmed Combat
  1472 | D:3      | Reached XP level 5. HP: 38/53 MP: 4/4
  1587 | D:3      | Found a sacrificial altar of Ru.
  1594 | D:3      | Became a worshipper of Ru the Awakened
  1599 | D:3      | Gained mutation: You cannot study or cast Fire magic. [Ru
                  | sacrifice]
  1599 | D:3      | Gained mutation: You cannot study or cast Hexes magic. [Ru
                  | sacrifice]
  1599 | D:3      | Gained mutation: You cannot study or cast Conjurations
                  | magic. [Ru sacrifice]
  1599 | D:3      | Reached * piety under Ru
  2129 | D:4      | Reached XP level 6. HP: 62/62 MP: 5/5
  2130 | D:4      | Reached skill level 6 in Unarmed Combat
  2258 | D:4      | Found a staircase to the Ecumenical Temple.
  2498 | D:4      | Found a sparkling altar of Nemelex Xobeh.
  2598 | D:4      | Found a hide-covered altar of Uskayaw.
  2598 | D:4      | Found an opulent altar of Gozag.
  2638 | D:4      | Found a hazy altar of Hepliaklqana.
  2666 | D:5      | Entered Level 5 of the Dungeon
  2681 | D:5      | Noticed a sky beast
  2698 | D:5      | Killed a sky beast
  2705 | D:5      | Noticed Blork the orc
  2758 | D:5      | Killed Blork the orc
  2758 | D:5      | Reached XP level 7. HP: 70/70 MP: 6/6
  2802 | D:5      | Found a transporter.
  2832 | D:5      | Found a basalt altar of Yredelemnul.
  3069 | D:5      | Reached skill level 7 in Unarmed Combat
  3232 | D:5      | Found a transporter.
  3395 | D:5      | Gained mutation: You are frail. (-10% HP) [Ru sacrifice]
  3395 | D:5      | Reached ** piety under Ru
  3395 | D:5      | Reached *** piety under Ru
  3701 | D:6      | Found Bygeaf's Book Shop.
  3736 | D:6      | Reached skill level 5 in Fighting
  3736 | D:6      | Reached skill level 8 in Unarmed Combat
  3774 | D:6      | Reached XP level 8. HP: 46/72 MP: 7/7
  3875 | D:6      | Found Ryhil's Food Emporium.
  4019 | D:6      | Reached skill level 9 in Unarmed Combat
  4266 | D:6      | Found Etaalobb's Weapon Emporium.
  4337 | D:6      | Found a shimmering blue altar of Sif Muna.
  4354 | D:6      | Noticed Sigmund
  4364 | D:6      | Killed Sigmund
  4438 | D:7      | Reached skill level 10 in Unarmed Combat
  4535 | D:7      | Noticed Pikel
  4555 | D:7      | Killed Pikel
  4555 | D:7      | Reached XP level 9. HP: 64/82 MP: 8/8
  4632 | D:7      | Noticed Prince Ribbit
  4662 | D:7      | Killed Prince Ribbit
  4662 | D:7      | Reached skill level 11 in Unarmed Combat
  4739 | D:7      | Found a radiant altar of Vehumet.
  4869 | D:7      | Noticed Harold
  4885 | D:7      | Killed Harold
  4896 | D:7      | Reached XP level 10. HP: 31/91 MP: 9/9
  5042 | D:7      | Found a sacrificial altar of Ru.
  5073 | D:7      | Reached skill level 12 in Unarmed Combat
  5083 | D:7      | Found an ancient bone altar of Kikubaaqudgha.
  5083 | D:7      | Noticed a deep elf mage
  5087 | D:7      | Killed a deep elf mage
  5230 | D:8      | Gained mutation: You cannot study or use magical devices.
                  | [Ru sacrifice]
  5230 | D:8      | Reached **** piety under Ru
  5230 | D:8      | Reached ***** piety under Ru
  5277 | D:8      | Found a bloodstained altar of Trog.
  5278 | D:8      | Noticed Joseph
  5279 | D:8      | Found a white marble altar of Elyvilon.
  5319 | D:8      | Killed Joseph
  5349 | D:8      | Found a blossoming altar of Fedhas.
  5462 | D:8      | Noticed a two-headed ogre
  5464 | D:8      | Killed a two-headed ogre
  5792 | D:9      | Noticed a gargoyle
  5795 | D:9      | Killed a gargoyle
  6067 | D:9      | Found Pioreahe's Distillery.
  6072 | D:9      | Bought a potion of curing for 36 gold pieces
  6072 | D:9      | Bought a potion of heal wounds for 60 gold pieces
  6192 | D:9      | Noticed a two-headed ogre
  6193 | D:9      | Noticed Froggeryz's ghost (novice DEAs)
  6194 | D:9      | Found a bloodstained altar of Trog.
  6197 | D:9      | Found a transporter.
  6202 | D:9      | Found a transporter.
  6213 | D:9      | Identified the +5 halberd of Gonkif {flame, rPois Str+4
                  | Stlth+}
  6213 | D:9      | Noticed a tengu warrior
  6226 | D:9      | Noticed a moth of wrath
  6551 | D:10     | Entered Level 10 of the Dungeon
  6551 | D:10     | Noticed a two-headed ogre
  6565 | D:10     | Killed a two-headed ogre
  6565 | D:10     | Reached skill level 1 in Shields
  6565 | D:10     | Reached skill level 13 in Unarmed Combat
  6896 | D:10     | Found a staircase to the Lair.
  6903 | D:10     | Reached XP level 11. HP: 89/101 MP: 10/10
  6939 | D:10     | Gained mutation: You cannot train Dodging skill. [Ru
                  | sacrifice]
  6939 | D:10     | Reached ****** piety under Ru
  7398 | Lair:1   | Entered Level 1 of the Lair of Beasts
  7463 | Lair:1   | Noticed Gastronok
  7524 | Lair:1   | Killed Gastronok
  7524 | Lair:1   | Reached skill level 14 in Unarmed Combat
  7658 | Lair:1   | Noticed a four-headed hydra
  7660 | Lair:1   | Killed a four-headed hydra
  8535 | Lair:2   | Found a staircase to the Snake Pit.
  9215 | Lair:2   | Reached XP level 12. HP: 71/111 MP: 11/11
  9700 | Lair:3   | Reached skill level 5 in Shields
  9700 | Lair:3   | Reached skill level 15 in Unarmed Combat
  9935 | Lair:3   | Noticed a six-headed hydra
  9938 | Lair:3   | Killed an eight-headed hydra
 10457 | Lair:3   | Noticed a four-headed hydra
 10525 | Lair:3   | Reached skill level 10 in Fighting
 10529 | Lair:3   | Killed a six-headed hydra
 10700 | Lair:3   | Noticed Snorg
 10709 | Lair:3   | Killed Snorg
 10764 | Lair:3   | Noticed a seven-headed hydra
 10769 | Lair:3   | Killed a nine-headed hydra
 11305 | Lair:4   | Reached skill level 16 in Unarmed Combat
 11414 | Lair:4   | Found a dark tunnel.
 11459 | Volcano  | Entered a volcano
 11553 | Volcano  | Noticed a two-headed ogre
 11561 | Volcano  | Killed a two-headed ogre
 11561 | Volcano  | Reached XP level 13. HP: 88/121 MP: 12/12
 11811 | Volcano  | Noticed a fire dragon
 11815 | Volcano  | Killed a fire dragon
 12456 | Lair:4   | Learned a level 6 spell: Statue Form
 12667 | Lair:4   | Reached skill level 17 in Unarmed Combat
 13004 | Lair:4   | Found a staircase to the Swamp.
 13439 | Lair:5   | Noticed Sonja
 13441 | Lair:5   | Killed Sonja
 13501 | Lair:5   | Reached XP level 14. HP: 40/131 MP: 13/13
 13714 | Lair:5   | Noticed Kirke
 13730 | Lair:5   | Slain by a harpy

Levels and vault maps discovered:
D:1:      onia_arrival_pyramid, layout_basic
D:2:      layout_basic, uniq_terence, uniq_robin
D:3:      layout_rooms, nicolae_overflow_crystal_walls,
          kennysheep_generic_room_3
D:4:      layout_rooms, kennysheep_mini, old_standard_altar,
          gammafunk_temple_overflow_elements,
          minmay_temple_entry_statues_pillars, first_ration, st_stairs_13
D:5:      gammafunk_steamed_eel, layout_loops_corners,
          yredelemnul_altar_generic, uniq_blork_the_orc
D:6:      layout_cave_pools, serial_shops, shop, shop, shop,
          eino_small_chamber_without_monster, led_sif_pool, uniq_sigmund
D:7:      layout_basic, lemuel_round_altar, basic_altar,
          david_defended_altar_elf, uniq_pikel, uniq_harold, uniq_prince_ribbit1
D:8:      layout_cave_pools, grunt_temple_overflow_open, grunt_pizzeria,
          uniq_joseph
D:9:      layout_roguey, serial_shops, nicolae_shop_waterfront,
          gammafunk_ghost_wrathful_warriors
D:10:     layout_rooms, erik_lair_dragon
Lair:1:   layout_loops_ring, serial_forest, infiniplex_forest_end_3,
          infiniplex_forest_lined_3_way, infiniplex_forest_split,
          infiniplex_forest_lined_corner, infiniplex_forest_straight_3,
          infiniplex_forest_lined_1, infiniplex_forest_clump_double,
          infiniplex_forest_fountain, uniq_gastronok
Lair:2:   layout_gridlike, minmay_snake_entry_six_corridors,
          chequers_serial_rivers_micro_a
Lair:3:   layout_cave_pods, minmay_shattered_shrine, minmay_lair_oklob_chamber,
          uniq_snorg
Lair:4:   regret_index_tunnel_blossom, layout_long_grid,
          palyth_hydra_swamp_entry, nicolae_volcano_entry_vermiform
Lair:5:   layout_misc_corridors, uniq_kirke, uniq_sonja

Skill      XL: |  1  2  3  4  5  6  7  8  9 10 11 12 13 |
---------------+----------------------------------------+-----
Unarmed Combat | 4 5 6 8 10 11 13 14 16 17 | 17.6
Fighting       | 3 4 5 6 7 8 9 10 11 | 11.4
Shields        | 2 4 6 8 |  8.2
Dodging        | 0 |  0.0
Stealth        | |  1.0

Action                   |  1- 3 |  4- 6 |  7- 9 | 10-12 | 13-15 || total
-------------------------+-------+-------+-------+-------+-------++-------
Melee: Unarmed           |    69 |   164 |   194 |   552 |   379 ||  1358
       Punch             |     2 |     3 |     5 |     3 |       ||    13
Invok: Sacrifice Arcana  |       |     1 |       |       |       ||     1
       Sacrifice Health  |       |       |     1 |       |       ||     1
       Sacrifice Artific |       |       |       |     1 |       ||     1
       Apocalypse        |       |       |       |     5 |     4 ||     9
       Sacrifice Nimblen |       |       |       |     1 |       ||     1
       Draw Out Power    |       |       |       |       |     2 ||     2
       Power Leap        |       |       |       |       |     1 ||     1
  Use: Scroll            |       |       |       |    19 |       ||    19
       Potion            |       |       |       |     5 |     2 ||     7
 Stab: Sleeping          |     1 |     1 |       |     1 |       ||     3
       Distracted        |       |     1 |       |     2 |       ||     3
       Invisible         |       |       |     1 |     9 |     2 ||    12
       Paralysed         |       |       |       |    19 |     4 ||    23
       Petrified         |       |       |       |       |     3 ||     3
  Eat: Chunk             |     9 |    16 |    22 |    61 |    17 ||   125
       Ration            |     1 |       |       |       |       ||     1
Armor: Robe              |    38 |    66 |    38 |    60 |       ||   202
       Skin              |       |       |       |     1 |       ||     1
       Troll leather arm |       |       |       |    30 |    28 ||    58
       Fire dragon scale |       |       |       |       |   150 ||   150
Dodge: Dodged            |    33 |    88 |    91 |    82 |    61 ||   355
Block: Large shield      |       |       |       |   238 |   364 ||   602
